 Dungeon Crawl Stone Soup version 0.17-a0-4-gb793c6d (webtiles) character file.

97 Psiweapon the Twirler (level 4, 0/26 HPs)
             Began as a Gargoyle Gladiator on Mar 4, 2015.
             Killed by nerve-wracking pain
             ... invoked by an orc priest
              (9 damage)
             ... on level 3 of the Dungeon.
             The game lasted 00:07:42 (2173 turns).

Psiweapon the Twirler (Gargoyle Gladiator)          Turns: 2173, Time: 00:07:43

Health: 0/26       AC: 10    Str: 18    XL:     4   Next: 68%
Magic:  4/4        EV: 10    Int: 10    God:
Gold:   120        SH:  0    Dex: 10    Spells: 0 memorised, 3 levels left

rFire  . . .     SeeInvis .     a - +0 quarterstaff
rCold  . . .     Clarity  .     x - +0 scale mail
rNeg   + . .     SustAb   .     (no shield)
rPois  ∞         Gourm    .     c - +0 helmet
rElec  +         Spirit   .     (no cloak)
rCorr  .         Warding  .     (no gloves)
rMut   .         Stasis   .     (no boots)
MR     .....                    (no amulet)
Stlth  ..........               (no ring)
                                (no ring)

@: not resistant to hostile enchantments, extremely unstealthy
A: negative energy resistance 1, electricity resistance, unbreathing,
petrification resistance, rot immunity, AC +3
a: no special abilities


You were on level 3 of the Dungeon.
You were not hungry.

You visited 1 branch of the dungeon, and saw 3 of its levels.

You collected 120 gold pieces.

Inventory:

Hand weapons
 a - a +0 quarterstaff (weapon)
 v - a cursed -3 dagger
Missiles
 e - 26 stones (quivered)
 m - 13 poisoned needles
Armour
 b - a +0 leather armour
 c - a +0 helmet (worn)
 l - a +0 ring mail
 r - a +0 ring mail
 x - a +0 scale mail (worn)
Scrolls
 i - 4 scrolls of teleportation {unknown}
 o - 2 scrolls of identify {unknown}
 p - a scroll of recharging {unknown}
 q - a scroll of magic mapping {unknown}
 s - a scroll of remove curse {unknown}
 w - a scroll of immolation {unknown}
Potions
 h - 2 potions of heal wounds {unknown}
 k - a potion of curing {unknown}
 n - a potion of flight {unknown}
 u - a potion of decay {unknown}
Comestibles
 f - a bread ration
 g - 6 chunks of flesh
 j - a meat ration
 t - a beef jerky


   Skills:
 - Level 2.1 Fighting
 + Level 5.3 Staves
 - Level 2.0 Throwing
 - Level 2.4 Dodging


You had 3 spell levels left.
You didn't know any spells.

Dungeon Overview and Level Annotations

Branches:
Dungeon (3/15)

Altars:
Qazlal
Ru


Innate Abilities, Weirdness & Mutations

You are resistant to torment.
You are immune to poison.
Your stone body is very resilient (AC +3).
You resist negative energy.
You are resistant to electric shocks.
You can survive without breathing.
You are immune to petrification.
You are immune to rotting.


Message History

The orc priest mumbles some strange prayers to Beogh against you.
Something smites you!
Ouch! That really hurt!
The orc priest struggles against the net.
The orc hits you but does no damage.
You hit the orc priest.
The orc priest is almost dead.
The orc barely misses you.
The orc priest struggles against the net.
The helpless orc priest fails to defend itself.
You hit the orc priest.
The orc priest is almost dead.
The orc hits you but does no damage.
The orc priest struggles against the net.
You hit the orc priest but do no damage.
The orc priest is almost dead.
The orc hits you but does no damage.
The orc priest mumbles some strange prayers to Beogh against you.
Pain shoots through your body!
You die...

.## ##.... ..... ##...### .
...... ... #+## #.. .
#....##...# ...#
#.....##..=........ ...#
#.........o.##...# ...+
.......#.#@o##...# # ...#
#................# ... ...#
#.##.............##.##
...####.##..#.###..........
#...........#.# #..........
#...........#.# #......####
#.......##....####.....#
#÷......##.......).....####.
........##...........?.......


You could see an orc priest (caught) and an orc.

Vanquished Creatures
  Robin (D:2)
  2 adders
  2 worms (D:2)
  An orc (D:3)
  10 bats
  3 giant cockroaches
  3 hobgoblins
  5 kobolds
  2 giant geckos
  2 giant newts (D:1)
  13 goblins
  5 jackals
  10 rats
59 creatures vanquished.

Notes
Turn   | Place    | Note
--------------------------------------------------------------
     0 | D:1      | Psiweapon, the Gargoyle Gladiator, began the quest for the Orb.
     0 | D:1      | Reached XP level 1. HP: 12/12 MP: 1/1
   338 | D:1      | Reached XP level 2. HP: 17/17 MP: 2/2
   973 | D:2      | Reached skill level 4 in Staves
  1062 | D:2      | Reached XP level 3. HP: 21/21 MP: 3/3
  1288 | D:2      | Found a stormy altar of Qazlal.
  1616 | D:2      | Reached XP level 4. HP: 26/26 MP: 4/4
  1669 | D:2      | Noticed Robin
  1919 | D:2      | Killed Robin
  1919 | D:2      | Reached skill level 5 in Staves
  2080 | D:3      | Found a sacrificial altar of Ru.
  2173 | D:3      | Killed from afar by an orc priest

Action                   |  1- 3 |  4- 6 || total
-------------------------+-------+-------++-------
Melee: Quarterstaff      |   105 |    78 ||   183
Throw: Stone             |    70 |     9 ||    79
       Throwing net      |     1 |     6 ||     7
 Stab: Held in net/web   |       |     2 ||     2
  Eat: Chunk             |     2 |     2 ||     4
